 Dungeon Crawl Stone Soup version 0.28.0-43-g3370ac3207 (webtiles) character file.

Game seed: 3120795149959209885

831 croobank the Skirmisher (level 7, -9/63 HPs)
             Began as a Hill Orc Fighter on Mar 5, 2022.
             Mangled by an ogre
             ... wielding a +0 giant club
              (19 damage)
             ... on level 4 of the Dungeon.
             The game lasted 00:11:12 (3134 turns).

croobank the Skirmisher (Hill Orc Fighter)          Turns: 3134, Time: 00:11:12

Health: -9/63      AC:  7    Str: 19    XL:     7   Next: 98%
Magic:  7/7        EV:  9    Int: 10    God:
Gold:   168        SH:  5    Dex: 10    Spells: 6/6 levels left

rFire   . . .      SeeInvis .   a - +0 war axe
rCold   . . .      Faith    .   c - +0 buckler
rNeg    . . .      Spirit   .   o - +0 scale mail
rPois   +          Reflect  .   (no helmet)
rElec   .          Harm     .   (no cloak)
rCorr   .          Rampage  .   (no gloves)
Will    .....                   (no boots)
Stlth   ..........              h - amulet of the acrobat
HPRegen 0.20/turn               k - ring of poison resistance
MPRegen 0.10/turn               (no ring)

@: no status effects
A: no striking features
a: no special abilities


You were on level 4 of the Dungeon.
You visited 1 branch of the dungeon, and saw 4 of its levels.

You collected 168 gold pieces.

Inventory:

Hand Weapons
 a - a +0 war axe (weapon)
 b - a +0 hunting sling
 d - a +1 whip of freezing
 l - a +1 dagger of venom
 n - a +1 dagger of pain
Missiles
 e - 90 stones (quivered)
 p - 14 sling bullets
 q - 21 arrows
Armour
 c - a +0 buckler (worn)
 o - a +0 scale mail (worn)
Jewellery
 h - an amulet of the acrobat (around neck)
 k - a ring of poison resistance (left hand)
Wands
 m - a wand of charming (4)
Scrolls
 f - a scroll of noise
 g - a scroll of teleportation
 i - a scroll of immolation
 r - a scroll of vulnerability {unknown}
 s - a scroll of magic mapping {unknown}
Potions
 j - a potion of magic


   Skills:
 + Level 6.3 Fighting
 + Level 6.2 Axes
 + Level 5.8 Armour
 + Level 5.7 Shields


You had 6 spell levels left.
You didn't know any spells.
Your spell library contained the following spells:

 Spells                   Type           Power      Damage    Failure   Level
 Pain                     Necr           0%         1d4       80%         1


Dungeon Overview and Level Annotations

Branches:
Dungeon (4/15)
 Temple: D:4-7

Altars:
Nemelex Xobeh
Wu Jian

Annotations:
D:4 2 transporters, Taeram's ghost, amateur TrBe


Message History

Aim: an ogre, wielding a +0 giant club (74% to hit)
You throw a stone.
The stone hits the ogre but does no damage.
Throw: 93 stones
Press: ? - help, Q - select action, (/) - cycle Shift-Dir - straight line, f/p - ogre
Aim: an ogre, wielding a +0 giant club (74% to hit)
You throw a stone.
The stone hits the ogre but does no damage.
Throw: 92 stones
Press: ? - help, Q - select action, (/) - cycle Shift-Dir - straight line, f/p - ogre
Aim: an ogre, wielding a +0 giant club (74% to hit)
You throw a stone.
The stone hits the ogre but does no damage.
Throw: 91 stones
Press: ? - help, Q - select action, (/) - cycle Shift-Dir - straight line, f/p - ogre
Aim: an ogre, wielding a +0 giant club (74% to hit)
You throw a stone.
The stone hits the ogre but does no damage.
The ogre closely misses you.
You hit the ogre but do no damage. You hit the ogre.
The ogre is lightly wounded.
The ogre hits you with a +0 giant club!
You closely miss the ogre.
The ogre is lightly wounded.
The ogre hits you with a +0 giant club!!
You barely miss the ogre.
The ogre is lightly wounded.
The ogre hits you with a +0 giant club.
You hit the ogre.
The ogre is moderately wounded.
The ogre hits you with a +0 giant club.
You slash the ogre!
The ogre is heavily wounded.
The ogre hits you with a +0 giant club!
* * * LOW HITPOINT WARNING * * *
You slash the ogre!
The ogre is almost dead.
The ogre hits you with a +0 giant club!!
You die...

............#
............#
............##
.............#
........>....#
..........#.##
...........######
........#...##..##
..#.....##......@#
####....###....O..#
..... ##......#
....# #..(.#### ..
...(.## ###(.##
..### ..


You could see an ogre.

Vanquished Creatures
  Pikel (D:3)
  A necrophage (D:3)
  A scorpion (D:3)
  A hound skeleton (D:4)
  2 adders
  A worm (D:4)
  4 orcs (D:3)
  4 bats
  8 endoplasms
  7 giant cockroaches
  8 goblins
  8 hobgoblins
  2 quokkas
  9 ball pythons
  2 frilled lizards (D:3)
  12 kobolds
  3 rats
74 creatures vanquished.

Vanquished Creatures (collateral kills)
  An ogre (D:4)
  An iguana (D:4)
  An adder (D:4)
  A worm (D:4)
  An orc (D:4)
5 creatures vanquished.

Vanquished Creatures (others)
  4 plants (D:1)
4 creatures vanquished.

Grand Total: 83 creatures vanquished

Notes
Turn   | Place    | Note
-------+----------+-------------------------------------------
     0 | D:1      | croobank the Hill Orc Fighter began the quest for the Orb.
     0 | D:1      | Reached XP level 1. HP: 19/19 MP: 1/1
    52 | D:1      | Reached XP level 2. HP: 19/27 MP: 2/2
   305 | D:1      | Reached XP level 3. HP: 28/33 MP: 3/3
   873 | D:2      | Found a faded altar of an unknown god.
   883 | D:2      | Got Plato's Grimoire of Darkness
  1359 | D:3      | Noticed a scorpion
  1405 | D:3      | Killed a scorpion
  1406 | D:3      | Reached XP level 4. HP: 41/41 MP: 4/4
  1488 | D:3      | Reached XP level 5. HP: 47/47 MP: 5/5
  1685 | D:3      | Found an ornate altar of the Wu Jian Council.
  1685 | D:3      | Found a sparkling altar of Nemelex Xobeh.
  1920 | D:3      | Noticed a necrophage
  1936 | D:3      | Killed a necrophage
  2011 | D:3      | Reached XP level 6. HP: 55/55 MP: 6/6
  2221 | D:4      | Noticed Pikel
  2228 | D:4      | Reached skill level 5 in Fighting
  2230 | D:4      | Found a transporter.
  2231 | D:4      | Noticed a black bear
  2237 | D:4      | Reached skill level 5 in Axes
  2646 | D:3      | Killed Pikel
  2647 | D:3      | Reached skill level 5 in Armour
  2647 | D:3      | Reached skill level 5 in Shields
  2647 | D:3      | Reached XP level 7. HP: 8/63 MP: 7/7
  2997 | D:4      | Found a transporter.
  3063 | D:4      | Noticed Taeram's ghost (amateur TrBe)
  3134 | D:4      | Mangled by an ogre

Illustrated notes

Levels and vault maps discovered:
D:1:      dpeg_arrival_orchard, layout_rooms, minmay_shallow_snake_nest
D:2:      layout_basic, shapermc_ecumenical_altar_rom_forum,
          chequers_serial_rivers_room_a, hangedman_abyss_or_decor_stabs
D:3:      layout_loops_cross, gammafunk_temple_overflow_elements
D:4:      layout_cave_pools, nicolae_overflow_hidden_temple, serial_shops, shop,
          nicolae_diamond_shop, gammafunk_ghost_arena, uniq_pikel

Skill      XL: |  1  2  3  4  5  6 |
---------------+-------------------+-----
Axes           | 3 4 6 |  6.2
Fighting       | 4 6 |  6.3
Armour         | 4 5 |  5.8
Shields        | 4 5 |  5.7

Action                   |  1- 3 |  4- 6 |  7- 9 || total
-------------------------+-------+-------+-------++-------
Melee: War axe           |    82 |   104 |    31 ||   217
Throw: Stone             |       |       |     4 ||     4
Evoke: Wand              |       |     3 |       ||     3
  Use: Potion            |       |     3 |       ||     3
       Scroll            |       |       |     3 ||     3
Armor: Scale mail        |    42 |    38 |    11 ||    91
Dodge: Dodged            |    47 |    46 |    12 ||   105
Block: Buckler           |    17 |    23 |     3 ||    43
